 Dungeon Crawl Stone Soup version 0.30-a0-800-g7c544603b3 (webtiles) character file.

Game seed: 7561501844953367263

99 bande the Trooper (level 4, -4/29 HPs)
             Began as a Gargoyle Fighter on Feb 22, 2023.
             Slain by Crazy Yiuf
             ... wielding a +4 quarterstaff of chaos
              (6 damage)
             ... on level 2 of the Dungeon.
             The game lasted 00:03:21 (1339 turns).

bande the Trooper (Gargoyle Fighter)                Turns: 1339, Time: 00:03:22

Health: -4/29      AC: 11    Str: 18    XL:     4   Next: 72%
Magic:  0/4        EV: 11    Int: 13    God:
Gold:   76         SH:  4    Dex: 10    Spells: 3/3 levels left

rFire   . . .      SeeInvis .    a - +1 war axe
rCold   . . .      Faith    .    c - +0 buckler
rNeg    + . .      Spirit   .    e - +0 chain mail
rPois   ∞          Reflect  .    i - +0 helmet
rElec   +          Harm     .    (no cloak)
rCorr   .          Rampage  .    (no gloves)
Will    .....                    b - +0 pair of boots Stlth
                                 (no amulet)
HPRegen 0.24/turn                g - +5 ring of evasion
MPRegen 0.09/turn                (no ring)

@: no status effects
A: sickness immunity, AC +3, negative energy resistance 1, electricity
resistance, torment resistance 1, petrification resistance, clever 1, deformed
body
a: no special abilities


You were on level 2 of the Dungeon.
You visited 1 branch of the dungeon, and saw 2 of its levels.

You collected 87 gold pieces.
You spent 11 gold pieces at shops.

Inventory:

Hand Weapons
 a - a +1 war axe (weapon)
Armour
 b - a +0 pair of boots (worn)
 c - a +0 buckler (worn)
 e - a +0 chain mail (worn)
 i - a +0 helmet (worn)
Jewellery
 g - a +5 ring of evasion (left hand)
Scrolls
 f - a scroll of teleportation
Potions
 d - a potion of might
 h - a potion of berserk rage {unknown}


   Skills:
 + Level 4.0 Fighting
 + Level 3.1 Axes
 + Level 3.9 Armour
 + Level 3.6 Shields


You had 3 spell levels left.
You didn't know any spells.
Your spell library was empty.

Dungeon Overview and Level Annotations

Branches:
Dungeon (2/15)

Altars:

Shops:
D:1 **?

Annotations:
D:2 Crazy Yiuf


Innate Abilities, Weirdness & Mutations

You are immune to sickness and miasma.
Your stone body is resilient. (AC +3)
You are immune to poison.
You resist negative energy. (rN+)
You are resistant to electric shocks. (rElec)
You are resistant to unholy torment.
You are immune to petrification.
Your mind is acute. (Int +4, Str/Dex -1)
Armour fits poorly on your strangely shaped body.


Message History

You hit the jackal but do no damage.
The jackal is severely wounded.
You block the jackal's attack. The jackal barely misses you.
You closely miss the jackal.
The jackal is severely wounded.
You block the jackal's attack.
The jackal bites you but does no damage.
You slash the jackal!
You kill the jackal!
No target in view!
Items here: ††††.
There is a stone staircase leading up here.
Crazy Yiuf shouts!
Could not explore, unopened runed door.
Could not explore, unopened runed door.
No reachable target in view!
You open the door. You barely miss Crazy Yiuf. You block Crazy Yiuf's attack.
You slash Crazy Yiuf!
Crazy Yiuf is moderately wounded.
You block Crazy Yiuf's attack.
Crazy Yiuf hits you with a +4 quarterstaff of chaos.
Crazy Yiuf burns you.
You barely miss Crazy Yiuf.
Crazy Yiuf is moderately wounded.
Crazy Yiuf closely misses you.
You slash Crazy Yiuf!
Crazy Yiuf is severely wounded.
Crazy Yiuf hits you with a +4 quarterstaff of chaos!
* * * LOW HITPOINT WARNING * * *
Crazy Yiuf burns you.
* * * LOW HITPOINT WARNING * * *
You barely miss Crazy Yiuf.
Crazy Yiuf is severely wounded.
Crazy Yiuf hits you with a +4 quarterstaff of chaos.
* * * LOW HITPOINT WARNING * * *
You feel your power leaking away.
Crazy Yiuf waves his quarterstaff at you.
Crazy Yiuf hits you with a +4 quarterstaff of chaos.
You die...

##..## #.......#.# #....#
#.......#.. ♣....♣ #.##.##.###
♣...♣♣ #.##....... ♣♣.♣♣
#.#####.... ######## ♣.♣♣
##.#####.### ####......## ♣♣.♣
#........### #....####..# ♣.♣♣
####.......# ..#..####..# ♣♣@♣
#######.. #..........# #g#
#######. ##.#.####..# ...
#....... ####.......# #...#
#.###... # #######.# #..)#
##.###.## # #.# ##### #...##.##
# ########.# #...##.#. #
#........# ######### #...#....
#
#........###..#.##>####...#....


You could see Crazy Yiuf.

Vanquished Creatures
  Robin (D:2)
  2 adders (D:2)
  A worm (D:2)
  A bat (D:2)
  6 endoplasms
  4 giant cockroaches
  12 goblins
  6 hobgoblins
  4 jackals (D:2)
  5 kobolds
  2 quokkas (D:1)
  9 ball pythons
  3 frilled lizards
  2 rats
58 creatures vanquished.

Notes
Turn   | Place    | Note
-------+----------+-------------------------------------------
     0 | D:1      | bande the Gargoyle Fighter began the quest for the Orb.
     0 | D:1      | Reached XP level 1. HP: 14/14 MP: 1/1
     4 | D:1      | Noticed an electric eel
     5 | D:1      | Noticed an electric eel
   147 | D:1      | Reached XP level 2. HP: 19/19 MP: 2/2
   317 | D:1      | Found Ymoegy's Assorted Antiques.
   353 | D:1      | Found Xamy's Magic Scroll Boutique.
   396 | D:1      | Reached XP level 3. HP: 20/24 MP: 3/3
   416 | D:1      | Found Ydeor's General Store.
   429 | D:1      | Bought a potion of degeneration for 11 gold pieces
   601 | D:2      | Found the +8 trident of the Octopus King {venom, rElec
                  | rPois}
   681 | D:2      | Found a faded altar of an unknown god.
   868 | D:2      | Gained mutation: You have sharp toenails. [potion of
                  | mutation]
   868 | D:2      | Gained mutation: You are weak. (Str -2) [potion of
                  | mutation]
   869 | D:2      | Lost mutation: You are weak. (Str -2) [potion of mutation]
   869 | D:2      | Lost mutation: You have sharp toenails. [potion of
                  | mutation]
   869 | D:2      | Gained mutation: Armour fits poorly on your strangely
                  | shaped body. [potion of mutation]
   869 | D:2      | Gained mutation: You do not regenerate when monsters are
                  | visible. [potion of mutation]
   869 | D:2      | Gained mutation: Your mind is acute. (Int +4, Str/Dex -1)
                  | [potion of mutation]
   869 | D:2      | Lost mutation: You do not regenerate when monsters are
                  | visible. [potion of mutation]
   880 | D:2      | Reached XP level 4. HP: 23/29 MP: 4/4
  1018 | D:2      | Found a runed translucent door.
  1019 | D:2      | Noticed Crazy Yiuf
  1137 | D:2      | Noticed Robin
  1144 | D:2      | Killed Robin
  1145 | D:2      | Reached skill level 4 in Fighting
  1339 | D:2      | Slain by Crazy Yiuf

Illustrated notes

Levels and vault maps discovered:
D:1:      arrival_aquarium_b, layout_basic, serial_shops, nicolae_square_shop,
          nicolae_shop_temple_entry_statues_fountains,
          nicolae_shop_window_shopping
D:2:      layout_loops_cross, hellmonk_ecumenical_altar_slurped_away,
          uniq_crazy_yiuf_cottage, uniq_robin

Skill      XL: |  1  2  3  4 |
---------------+-------------+-----
Axes           | 2 3 |  3.1
Fighting       | 4 |  4.0
Armour         | |  3.9
Shields        | |  3.6

Action                     |  1- 3 |  4- 6 || total
---------------------------+-------+-------++-------
  Melee: War axe           |    98 |    50 ||   148
    Use: Scroll            |     2 |     2 ||     4
         Potion            |     2 |       ||     2
 Armour: Chain mail        |    75 |    21 ||    96
  Dodge: Dodged            |    33 |    25 ||    58
  Block: Buckler           |    14 |    22 ||    36

Table legend: (Time is in decaauts)
 A = Elapsed time spent in this place.
 B = Non-inter-level travel time spent in this place.
 C = Inter-level travel time spent in this place.
 D = Time resting spent in this place.
 E = Time spent auto-exploring this place.
 F = Levels seen in this place.
 G = Mean time per level.
                   A        B        C        D        E       F      G
               +--------+--------+--------+--------+--------+-----+--------+
         Total |   1399 |   1384 |     15 |      0 |    987 |   2 |  699.5 |
       Dungeon |   1399 |   1384 |     15 |      0 |    987 |   2 |  699.5 |
               +--------+--------+--------+--------+--------+-----+--------+

Top non-repeatable levels by time:
     D:2: 809 daAuts
     D:1: 589 daAuts
